Map: Paladino Terminal LE

Players

hinO

  • Race: Zerg Zerg
  • Spawn Location: 5:00

Bunny - Winner!

  • Race: Terran Terran
  • Spawn Location: 9:00

Event: IEM XI Katowice - World Championship 2017

VOD

Have the link to the VOD?

Description

Time

  • Played on: Feb. 28, 2017, 5:20 a.m.
  • Length: 8:03

All games in this series

Show
View Real Time Build Order
Export as new Build Order

hinO Zerg 

Build Orders: Hatch First 

Get SALT Encoding   

  12  0:00  Drone  
  13  0:08  Drone  
  14  0:17  Overlord  
  14  0:22  Extractor  
  14  0:24  Drone  
  15  0:36  Drone x2  
  17  0:54  Hatchery  
  16  0:57  Drone  
  16  1:01  Extractor  
  16  1:03  Drone  
  17  1:18  Spawning Pool  
  16  1:20  Drone  
  17  1:27  Drone  
  17  1:29  Drone  
  19  1:39  Overlord  
  19  2:04  Metabolic Boost  
  19  2:05  Zergling x4  
  19  2:06  Queen  
  23  2:12  Queen  
  25  2:16  Zergling x2  
  25  2:19  Zergling x2  
  27  2:23  Drone  
  27  2:26  Drone  
  30  2:30  Zergling x2  
  30  2:35  Zergling x2  
  31  2:39  Zergling x2  
  31  2:42  Zergling x2  
  32  2:50  Queen  
  33  2:54  Zergling x2  
  34  3:01  Zergling x4  
  36  3:05  Pneumatized Carapace  
  36  3:18  Overlord  
  35  3:21  Zergling x2  
  36  3:33  Zergling x4  
  35  3:36  Zergling x2  
  35  3:37  Zergling x8  
  37  3:44  Queen  
  39  3:51  Zergling x4  
  41  4:00  Drone x2  
  43  4:09  Evolution Chamber  
  42  4:13  Overlord  
  42  4:23  Overlord  
  42  4:29  Zergling x2  
  43  4:34  Zergling x8  
  47  4:41  Overlord  
  47  4:43  Zergling x2  
  48  4:49  Zergling x2  
  48  4:50  Zergling x2  
  49  5:01  Zergling x6  
  49  5:02  Zergling x2  
  53  5:11  Zergling x2  
  53  5:12  Zerg Melee Weapons Level 1  
  54  5:15  Zergling x2  
  55  5:22  Zergling x4  
  43  5:46  Zergling x2  
  43  5:47  Zergling x6  
  37  5:55  Zergling x2  
  37  5:56  Zergling x2  
  30  6:02  Queen  
  30  6:03  Queen  
  33  6:05  Baneling Nest  
  33  6:06  Zergling x2  
  33  6:09  Zergling x2  
  33  6:16  Zergling x4  
  35  6:26  Zergling x2  
  35  6:30  Zergling x2  
  37  6:37  Zergling x2  
  37  6:39  Zergling x2  
  39  6:47  Zergling x2  
  39  6:49  Baneling x3  
  39  6:50  Baneling x8  
  39  6:52  Baneling  
  40  6:56  Baneling x2  
  40  7:02  Baneling x2  
  40  7:04  Zergling x2  
  41  7:11  Zergling x4  
  43  7:16  Zergling x2  
  43  7:20  Zergling x4  
  46  7:31  Zergling x6  
  49  7:38  Zergling x2  
  49  7:39  Zergling x2  
  49  7:42  Zergling x2  
Show
View Real Time Build Order
Export as new Build Order

Bunny Terran - Winner!

Build Orders:  

Get SALT Encoding   

  12  0:00  SCV  
  13  0:12  SCV  
  14  0:18  Supply Depot  
  14  0:24  SCV  
  15  0:39  SCV  
  15  0:40  Barracks  
  16  0:45  Refinery  
  16  0:51  SCV  
  17  1:00  Barracks  
  17  1:06  SCV  
  18  1:18  SCV  
  19  1:23  Barracks  
  19  1:28  Reaper  
  20  1:34  Refinery  
  20  1:46  Orbital Command  
  20  1:51  Reaper  
  21  1:59  Supply Depot  
  21  2:04  Reaper  
  22  2:11  Reaper  
  23  2:21  SCV  
  24  2:23  Reaper  
  24  2:28  Supply Depot  
  25  2:33  SCV  
  25  2:36  Reaper  
  27  2:43  Reaper  
  28  2:45  SCV  
  29  2:55  Reaper  
  29  2:57  SCV  
  30  3:08  Reaper  
  30  3:09  SCV  
  32  3:16  Reaper  
  33  3:21  SCV  
  34  3:27  Reaper  
  35  3:34  SCV  
  35  3:41  Reaper  
  34  3:42  Command Center  
  34  3:46  SCV  
  34  3:48  Reaper  
  36  3:49  Supply Depot  
  36  3:58  SCV  
  36  3:59  Reaper  
  38  4:10  Factory, SCV  
  38  4:13  Reaper  
  40  4:22  SCV  
  40  4:23  Barracks Tech Lab  
  41  4:32  Barracks Reactor  
  41  4:35  SCV  
  42  4:41  Marine  
  42  4:42  Stimpack  
  43  4:46  Command Center  
  43  4:47  SCV  
  44  4:53  Orbital Command  
  44  4:54  Barracks Reactor  
  44  4:59  Marine, Hellion  
  47  5:03  SCV  
  47  5:11  Marine  
  47  5:12  Supply Depot, Marine  
  49  5:16  Marine  
  49  5:20  Hellion  
  51  5:29  Marine  
  51  5:30  Marine  
  51  5:32  Orbital Command  
  52  5:36  Marine x2  
  52  5:39  Marine  
  41  5:45  SCV  
  41  5:47  Marine  
  40  5:50  Hellion  
  40  6:02  Orbital Command  
  40  6:07  Marine x2  
  40  6:09  Marine  
  43  6:11  Marine  
  43  6:14  Marine  
  43  6:17  SCV  
  46  6:18  SCV  
  47  6:25  Starport  
  47  6:30  Factory Reactor  
  47  6:31  SCV  
  47  6:32  SCV  
  47  6:35  Marine x2  
  47  6:37  Marine  
  47  6:39  Marine  
  51  6:41  Marine  
  51  6:46  Bunker  
  52  6:52  SCV x2  
  54  6:54  Marine x2  
  54  6:57  Marine  
  54  6:58  Marine  
  54  6:59  Marine  
  58  7:09  Bunker  
  58  7:11  Bunker  
  58  7:12  Medivac  
  58  7:13  Medivac  
  62  7:18  Supply Depot  
  62  7:19  Marine  
  62  7:20  Marine  
  64  7:23  Marine  
  64  7:24  Marine  
  64  7:26  Marine  
  67  7:33  SCV  
  67  7:34  SCV x2  
  70  7:38  Supply Depot  
  70  7:39  Marine  

Tags
 
Add a new tag
Caveats
  • Supply blocks, unpowered buildings, or Contaminate may cause inaccurate times.
  • Supply counts are checked every 10 seconds.